[Event "*** Titled Tuesday Blitz"]
[Site "Chess.com"]
[Date "2018.10.02"]
[Round "1"]
[White "HZMC92"]
[Black "MatthewG-p4p"]
[Result "0-1"]
[WhiteElo "2347"]
[BlackElo "2687"]
[TimeControl "180+2"]
[EndTime "13:03:35 PDT"]
[Termination "MatthewG-p4p won by resignation"]

1. d4 Nf6 2. c4 c5 3. e3 e6 4. Nf3 cxd4 5. exd4 b6 6. Nc3 Bb7 7. Be2 Bb4 8. O-O O-O 9. Bd2 d5 10. cxd5 Bxc3 11. bxc3 Qxd5 12. Ne1 Nc6 13. Bf3 Qd7 14. Nc2 Rac8 15. Bg5 Nd5 16. Bxd5 Qxd5 17. Ne3 Qxg5 0-1

[Event "*** Titled Tuesday Blitz"]
[Site "Chess.com"]
[Date "2018.10.02"]
[Round "1"]
[White "ftorodent"]
[Black "tteshan"]
[Result "1-0"]
[WhiteElo "2530"]
[BlackElo "2030"]
[TimeControl "180+2"]
[EndTime "13:04:01 PDT"]
[Termination "ftorodent won by resignation"]

1. d4 d5 2. c4 dxc4 3. Nf3 Nf6 4. e3 Bg4 5. Bxc4 e6 6. h3 Bh5 7. Be2 a6 8. O-O Nc6 9. Nbd2 Bd6 10. Nc4 O-O 11. b3 Ne4 12. Bb2 Re8 13. Rc1 f6 14.
Nxd6 cxd6 15. d5 exd5 16. Qxd5+ Bf7 17. Qd1 Ne5 18. Nd4 Rc8 19. Rc2 Rxc2 20. Qxc2 d5 21.
Rc1 Qd7 22. Qc7 Re7 23. Qxd7 Nxd7 24. Rc7 Nd6 25. Ba3 Ne8 26. Rxb7 1-0

[Event "*** Titled Tuesday Blitz"]
[Site "Chess.com"]
[Date "2018.10.02"]
[Round "1"]
[White "Shant_Sargsyan"]
[Black "AliKa2810"]
[Result "1-0"]
[WhiteElo "2902"]
[BlackElo "2472"]
[TimeControl "180+2"]
[EndTime "13:04:03 PDT"]
[Termination "Shant_Sargsyan won by resignation"]

1. e4 c6 2. d4 d5 3. Nd2 dxe4 4. Nxe4 Bf5 5. Ng3 Bg6 6. h4 h6 7. Nf3 e6 8. h5 Bh7 9. Bd3 Bxd3 10. Qxd3 Nf6 11.
Bd2 c5 12. O-O-O Nc6 13. Be3 Qa5 14. Qb3 O-O-O 15. Ne5 Nxe5 16. dxe5 Ng4 17. Rxd8+ Qxd8 18. Rd1 Qc7 19. Qa4 Nxe3 20. Qe8+ 1-0

[Event "*** Titled Tuesday Blitz"]
[Site "Chess.com"]
[Date "2018.10.02"]
[Round "1"]
[White "ViktorMatviishen"]
[Black "BillForster"]
[Result "1-0"]
[WhiteElo "2482"]
[BlackElo "1704"]
[TimeControl "180+2"]
[EndTime "13:04:26 PDT"]
[Termination "ViktorMatviishen won by resignation"]

1. d4 d5 2. c4 c6 3. Nf3 Nf6 4. e3 e6 5. Nc3 Nbd7 6. Qc2 Be7 7. b3 b6 8. Bb2 Bb7 9. Bd3 O-O 10. O-O Rc8 11.
e4 dxc4 12. bxc4 g6 13. Rad1 c5 14. d5 exd5 15. exd5 Bd6 16. Rfe1 a6 17. Qd2 Qc7 18. Qh6 Rfe8 19. Ne4 Bf8 20. Qh4 Nxe4 21. Bxe4 Bg7 22. Bxg7 Kxg7 23. d6 Qd8 24. Qxd8 Rcxd8 25. Bxb7 1-0

[Event "*** Titled Tuesday Blitz"]
[Site "Chess.com"]
[Date "2018.10.02"]
[Round "1"]
[White "Alopekos"]
[Black "MITerryble"]
[Result "1/2-1/2"]
[WhiteElo "2431"]
[BlackElo "2767"]
[TimeControl "180+2"]
[EndTime "13:04:37 PDT"]
[Termination "Game drawn by repetition"]

1. e4 e6 2. d4 d5 3. Nc3 Nf6 4.
e5 Nfd7 5. Qg4 c5 6. dxc5 Nc6 7. Nf3 Ndxe5 8. Nxe5 Nxe5 9. Qg3 f6 10. Be3 a6 11.
O-O-O Nc6 12. Be2 Bd7 13. Rxd5 exd5 14. Bh5+ g6 15. Bxg6+ hxg6 16. Qxg6+ Ke7 17. Nxd5+ Ke6 18. Nf4+ Ke7 19. Nd5+ Ke6 20. Nf4+ Ke7 21. Nd5+ Ke6 22. Nf4+ 1/2-1/2

[Event "*** Titled Tuesday Blitz"]
[Site "Chess.com"]
[Date "2018.10.02"]
[Round "1"]
[White "hurricane7791"]
[Black "Cryptinz"]
[Result "1-0"]
[WhiteElo "2691"]
[BlackElo "2361"]
[TimeControl "180+2"]
[EndTime "13:04:56 PDT"]
[Termination "hurricane7791 won by resignation"]

1. d4 d5 2. c4 c6 3. Nf3 Nf6 4. Nc3 dxc4 5. a4 Bf5 6. e3 e6 7.
Bxc4 Bb4 8. O-O O-O 9. Nh4 Bg4 10. f3 Bh5 11. g4 Bg6 12. e4 Nbd7 13. Be3 c5 14. Nxg6 hxg6 15. e5 cxd4 16. Bxd4 Ne8 17. Ne4 Qc7 18. Rc1 Qa5 19. f4 Nc5 20. Ng5 Rd8 21. Qf3 1-0

[Event "*** Titled Tuesday Blitz"]
[Site "Chess.com"]
[Date "2018.10.02"]
[Round "1"]
[White "Buffy7"]
[Black "Phelathegreat"]
[Result "1-0"]
[WhiteElo "2640"]
[BlackElo "2331"]
[TimeControl "180+2"]
[EndTime "13:05:18 PDT"]
[Termination "Buffy7 won by resignation"]

1. d4 Nf6 2. c4 e6 3. g3 d5 4. Bg2 Be7 5. Nf3 dxc4 6. Qa4+ Bd7 7. Qxc4 Bc6 8. O-O Qd5 9. Qc2 Qe4 10. Qd1 Qf5 11. Nc3 O-O 12. Nh4 Qh5 13. e4 Qxd1 14. Rxd1 Rd8 15. Bf4 Na6 16. d5 exd5 17. exd5 Bd7 18. d6 Bxd6 19. Bxd6 cxd6 20. Bxb7 Nc5 21. Bxa8 Rxa8 22. Rxd6 Bh3 23. Rad1 Ne6 24. Nf3 Bg4 25. Kg2 Rb8 26. R1d2 Kf8 27. h3 Bxf3+ 28. Kxf3 Ke7 29. Ra6 Rb7 30. Nd5+ Nxd5 31. Rxd5 Rxb2 32. Rxa7+ Kf6 33. h4 Kg6 34. Ra6 Rc2 35. Rd3 Kf5 36. Ra5+ Kf6 37. a4 g6 38. Kg2 Ra2 39. Ra7 Nc5 40. Rf3+ Ke6 41. Raxf7 Rxa4 42. Rxh7 Ra2 43. Rh6 Rd2 44. Rxg6+ Ke7 45. Rg7+ Ke6 46. h5 Nd3 47. Rxd3 Rxd3 48. g4 1-0

[Event "*** Titled Tuesday Blitz"]
[Site "Chess.com"]
[Date "2018.10.02"]
[Round "1"]
[White "ChristopherYoo"]
[Black "robbykevlishvili"]
[Result "0-1"]
[WhiteElo "2339"]
[BlackElo "2654"]
[TimeControl "180+2"]
[EndTime "13:05:24 PDT"]
[Termination "robbykevlishvili won by resignation"]

1. e4 c5 2. Nf3 d6 3. d4 cxd4 4. Nxd4 Nf6 5. Nc3 a6 6. f3 e5 7. Nb3 Be6 8. Be3 h5 9. Qd2 Nbd7 10. Nd5 Bxd5 11. exd5 Qc7 12. c4 a5 13. Rc1 a4 14. Na1 g6 15. Nc2 Qa5 16. Qxa5 Rxa5 17. Na3 Bh6 18. Bxh6 Rxh6 19. Bd3 Ke7 20. O-O Rh8 21.
Rfe1 Rc8 22. Kf2 Nc5 23. Bb1 Nfd7 24. f4 f5 25. Nb5 e4 26. Nd4 Kf6 27. Re3 Nb6 28.
Rec3 Ncd7 29. Ke3 Rac5 30. Nb5 Nxc4+ 31. Kd4 Ndb6 32. Rxc4 0-1

[Event "*** Titled Tuesday Blitz"]
[Site "Chess.com"]
[Date "2018.10.02"]
[Round "1"]
[White "ramses135"]
[Black "m3alam"]
[Result "1-0"]
[WhiteElo "2539"]
[BlackElo "2110"]
[TimeControl "180+2"]
[EndTime "13:05:39 PDT"]
[Termination "ramses135 won by resignation"]

1. e4 c6 2. d4 d5 3. Nc3 dxe4 4. Nxe4 Bf5 5. Ng3 Bg6 6. Nf3 Nd7 7. h4 h6 8. h5 Bh7 9. Bd3 Bxd3 10. Qxd3 e6 11. Bd2 Qc7 12. O-O-O O-O-O 13. Ne4 Ngf6 14. Kb1 Nxe4 15.
Qxe4 Nf6 16. Qe2 c5 17. g3 cxd4 18. Bf4 Bd6 19. Rxd4 Kb8 20. Rxd6 Rxd6 21. Rd1 Nd5 22. Bxd6 Qxd6 23. c4 Nc3+ 24. bxc3 Qb6+ 25. Ka1 Qa5 26. Qe5+ 1-0

[Event "*** Titled Tuesday Blitz"]
[Site "Chess.com"]
[Date "2018.10.02"]
[Round "1"]
[White "2165149677570"]
[Black "maciek_92"]
[Result "0-1"]
[WhiteElo "2317"]
[BlackElo "2618"]
[TimeControl "180+2"]
[EndTime "13:05:50 PDT"]
[Termination "maciek_92 won by resignation"]

1. e4 c5 2. Nf3 e6 3. d4 cxd4 4. Nxd4 Nc6 5. Nc3 a6 6. Be2 Qc7 7. O-O Nf6 8. Be3 Be7 9. f4 d6 10. Bf3 Bd7 11. Qe1 Nxd4 12. Bxd4 Bc6 13. Bf2 O-O 14. Rd1 Rac8 15. g4 b5 16. g5 Nd7 17.
a3 Qb7 18. Qe2 a5 19. Nd5 Bd8 20. b4 e5 21. h4 exf4 22. Nxf4 Ne5 23. Nd5 axb4 24. axb4 Nxf3+ 25. Qxf3 Bxd5 26. Rxd5 Rxc2 27. Rfd1 Be7 28. Qd3 Rc4 29. Rd4 Rfc8 30. Bg3 Rxd4 31. Qxd4 Rc4 32. Qd5 Qxd5 33. exd5 Rxb4 34. Re1 Kf8 35.
Rc1 Rc4 36. Rb1 Rc5 37. Ra1 g6 38. Ra8+ Kg7 39. Re8 Bf8 40. Rxf8 Rc1+ 0-1

[Event "*** Titled Tuesday Blitz"]
[Site "Chess.com"]
[Date "2018.10.02"]
[Round "1"]
[White "AndrewDGreen"]
[Black "ENEASZ"]
[Result "0-1"]
[WhiteElo "2243"]
[BlackElo "2566"]
[TimeControl "180+2"]
[EndTime "13:05:51 PDT"]
[Termination "ENEASZ won by resignation"]

1. d4 Nf6 2. Nf3 e6 3. Bf4 b6 4. e3 Bb7 5. Nbd2 Be7 6. h3 d6 7. Bd3 Nbd7 8. e4 O-O 9. Qe2 Re8 10. Bg3 Nh5 11. Bh2 g6 12. O-O Bf6 13. c3 e5 14.
a4 a6 15. Rfe1 Qe7 16. b4 Bg7 17. dxe5 dxe5 18. Rad1 a5 19. b5 Nc5 20. Bc2 Nf4 21.
Bxf4 exf4 22. Qc4 Qe6 23. Qxe6 Nxe6 24. Nb1 Rad8 25. Bb3 Nc5 26. Bc2 h6 27. h4 Kf8 28.
Kf1 Rxd1 29. Bxd1 Bxe4 0-1

[Event "*** Titled Tuesday Blitz"]
[Site "Chess.com"]
[Date "2018.10.02"]
[Round "1"]
[White "Godzillator"]
[Black "Zq1"]
[Result "0-1"]
[WhiteElo "2262"]
[BlackElo "2577"]
[TimeControl "180+2"]
[EndTime "13:05:52 PDT"]
[Termination "Zq1 won by resignation"]

1. d4 Nf6 2. c4 a6 3. Nc3 c5 4. d5 b5 5. b3 b4 6. Nb1 g6 7. Bb2 Bg7 8. Nd2 d6 9. e4 O-O 10. Bd3 a5 11. f4 a4 12. Rb1 axb3 13.
axb3 Ra2 14. Ngf3 Rxb2 15. Rxb2 Nxe4 16. Rc2 Nc3 17. Qc1 e6 18. Nb1 exd5 19. cxd5 Re8+ 20. Kf2 Nxd5 21. Re1 Be6 22. Bc4 Nc6 23. Rce2 Nd4 24. Nxd4 Bxd4+ 25. Kf1 Qh4 26. h3 Nxf4 27. Bxe6 fxe6 28.
Nd2 Nxe2 29. Rxe2 Rf8+ 30. Nf3 Rxf3+ 31. gxf3 Qxh3+ 32. Ke1 Bc3+ 33. Kd1 Qf1+ 0-1

[Event "*** Titled Tuesday Blitz"]
[Site "Chess.com"]
[Date "2018.10.02"]
[Round "1"]
[White "ChessicallyInclined"]
[Black "Tjktiger"]
[Result "1-0"]
[WhiteElo "2410"]
[BlackElo "2707"]
[TimeControl "180+2"]
[EndTime "13:05:55 PDT"]
[Termination "ChessicallyInclined won by resignation"]

1. e4 d6 2. d4 Nf6 3. Nc3 e5 4. Nf3 Nbd7 5. Bc4 Be7 6. O-O O-O 7. a4 c6 8. a5 Rb8 9. Qe2 b5 10. axb6 axb6 11. d5 b5 12. dxc6 bxc4 13. cxd7 Bxd7 14. Qxc4 Qb6 15. b3 Rfc8 16. Qd3 Bc6 17. Be3 Qb7 18. Ra7 Bxe4 19. Nxe4 Qxe4 20. Rxe7 Rxc2 21.
Qxd6 Rf8 22. Qxe5 Qd3 23. Ne1 Qxb3 24. Nxc2 Qxc2 25. h3 Qc6 26. Rc1 Qa8 27. Rec7 Re8 28. Qf5 1-0

[Event "*** Titled Tuesday Blitz"]
[Site "Chess.com"]
[Date "2018.10.02"]
[Round "1"]
[White "lucasmito"]
[Black "ShimanovAlex"]
[Result "0-1"]
[WhiteElo "2412"]
[BlackElo "2740"]
[TimeControl "180+2"]
[EndTime "13:05:57 PDT"]
[Termination "ShimanovAlex won on time"]

1. e4 c6 2. d4 d5 3. Nc3 dxe4 4. Nxe4 Nf6 5. Nxf6+ exf6 6. Nf3 Bd6 7. Be3 O-O 8. Qd2 Be6 9. c4 Re8 10. O-O-O Nd7 11. Kb1 b5 12. d5 cxd5 13. cxb5 Ne5 14. Nd4 Rc8 15. h3 Bd7 16. Nb3 Bf5+ 17. Ka1 Qe7 18.
Be2 Rc2 19. Qe1 Ba3 20. Bd4 Rec8 21. f4 Bxb2+ 22. Bxb2 Rxb2 23. Rc1 Qa3 0-1

[Event "*** Titled Tuesday Blitz"]
[Site "Chess.com"]
[Date "2018.10.02"]
[Round "1"]
[White "mjray79"]
[Black "johnathan113"]
[Result "1/2-1/2"]
[WhiteElo "2121"]
[BlackElo "2531"]
[TimeControl "180+2"]
[EndTime "13:05:58 PDT"]
[Termination "Game drawn by repetition"]

1. d4 Nf6 2. c4 g6 3. Nc3 Bg7 4. e4 d6 5. Nge2 O-O 6. Ng3 e5 7. d5 h5 8. h4 a5 9. Be2 Na6 10.
Bg5 Nc5 11. Bxh5 gxh5 12. Nxh5 Ncd7 13. Qf3 c6 14. g4 a4 15. Rg1 Qb6 16. Bxf6 Nxf6 17.
Nxf6+ Bxf6 18. Qxf6 Qxb2 19. Qg5+ Kh7 20. Qh5+ Kg8 21.
Qg5+ Kh7 22. Qh5+ Kg8 23. Qg5+ Kh7 24. Qh5+ Kg8 25. Qg5+ Kh7 26. Qh5+ Kg8 1/2-1/2

[Event "*** Titled Tuesday Blitz"]
[Site "Chess.com"]
[Date "2018.10.02"]
[Round "1"]
[White "pKiLz5Rn9b"]
[Black "NeverEverForever1990"]
[Result "1-0"]
[WhiteElo "2805"]
[BlackElo "2432"]
[TimeControl "180+2"]
[EndTime "13:06:04 PDT"]
[Termination "pKiLz5Rn9b won by resignation"]

1. Nf3 g6 2. d4 Nf6 3. b3 Bg7 4. Bb2 O-O 5. g3 b6 6. Bg2 Bb7 7. c4 e6 8. O-O d5 9. Nbd2 Nbd7 10. e3 Qe7 11. Rc1 Rfc8 12. Rc2 a5 13. a3 c6 14. Qe2 a4 15. b4 c5 16. dxc5 bxc5 17. b5 Nb6 18. Ne5 dxc4 19. Ndxc4 Nxc4 20. Nxc4 Bxg2 21. Kxg2 Qb7+ 22. Qf3 Ne4 23. Bxg7 Kxg7 24. Nd2 f5 25. Nxe4 Qxe4 26. Qxe4 fxe4 27. Rc4 Rab8 28. Rb1 Kf6 29. Rxa4 c4 30. Rab4 c3 31. a4 c2 32. Rc1 Rc3 33. a5 Rd8 34. Rb2 Rd2 35. b6 Rxe3 36. Rcxc2 Ree2 1-0

[Event "*** Titled Tuesday Blitz"]
[Site "Chess.com"]
[Date "2018.10.02"]
[Round "1"]
[White "PaulfromSPb"]
[Black "Perecke"]
[Result "1-0"]
[WhiteElo "2508"]
[BlackElo "1959"]
[TimeControl "180+2"]
[EndTime "13:06:07 PDT"]
[Termination "PaulfromSPb won by resignation"]

1. e4 e5 2. Nf3 Nc6 3. Bb5 a6 4. Ba4 Nf6 5. O-O Be7 6. Re1 b5 7. Bb3 d6 8. c3 O-O 9. h3 Na5 10. Bc2 c5 11. d4 Qc7 12. Nbd2 cxd4 13. cxd4 Nc6 14. d5 Nb4 15. Bb1 a5 16. a3 Na6 17.
Qe2 b4 18. Nc4 Bd7 19. Be3 Nc5 20. axb4 axb4 21. Rxa8 Rxa8 22. Nfd2 Bb5 23. Rc1 Ra1 24.
Qe1 Ncxe4 25. Nxe5 Qd8 26. Nxf7 Kxf7 27. Nxe4 Rxb1 28. Ng5+ Kg6 29. Rxb1 1-0

[Event "*** Titled Tuesday Blitz"]
[Site "Chess.com"]
[Date "2018.10.02"]
[Round "1"]
[White "Synctel"]
[Black "Paparama_1917"]
[Result "0-1"]
[WhiteElo "1987"]
[BlackElo "2508"]
[TimeControl "180+2"]
[EndTime "13:06:18 PDT"]
[Termination "Paparama_1917 won by resignation"]

1. e4 c5 2. d3 Nc6 3. Nd2 g6 4. g3 Bg7 5. Bg2 d6 6. Ngf3 e6 7. c3 Nge7 8. O-O O-O 9. Re1 b6 10. Nf1 Ba6 11. Bg5 h6 12. Be3 Rc8 13. d4 Na5 14. b3 d5 15. e5 Nf5 16. Qd2 Qc7 17. Rac1 Nc6 18. h4 Qe7 19. N1h2 cxd4 20. cxd4 Qb4 21. Qb2 Rfd8 22. Bd2 Qe7 23. Ng4 Nb4 24. Bxb4 Qxb4 25. Ne3 Nxe3 26. fxe3 Bf8 27. Bf1 Bxf1 28. Rxf1 Qa3 29. Qf2 Rxc1 0-1

[Event "*** Titled Tuesday Blitz"]
[Site "Chess.com"]
[Date "2018.10.02"]
[Round "1"]
[White "murmah2003"]
[Black "FearlessKing64"]
[Result "1-0"]
[WhiteElo "2557"]
[BlackElo "2210"]
[TimeControl "180+2"]
[EndTime "13:06:29 PDT"]
[Termination "murmah2003 won by resignation"]

1. Nf3 Nf6 2. c4 c5 3. Nc3 d5 4.
d4 Nc6 5. g3 cxd4 6. Nxd4 e5 7.
Nxc6 bxc6 8. cxd5 cxd5 9. Bg2 Be6 10. O-O Be7 11. Bg5 d4 12. Nb5 O-O 13. Bxa8 Qxa8 14. Nc7 Qb7 15. Nxe6 fxe6 16. Qb3 Qd7 17. Bxf6 gxf6 18.
Rac1 Bd6 19. Rfd1 Rb8 20. Qf3 f5 21. b3 e4 22. Qh5 Be5 23. Rc4 Rc8 24. Qg5+ Kf7 25.
Qh6 Kg8 26. Qc1 Rd8 27. Rc5 Bf6 28. Qc4 Kg7 29. Rc7 1-0

[Event "*** Titled Tuesday Blitz"]
[Site "Chess.com"]
[Date "2018.10.02"]
[Round "1"]
[White "Blagorod"]
[Black "x-3738459472"]
[Result "0-1"]
[WhiteElo "2029"]
[BlackElo "2520"]
[TimeControl "180+2"]
[EndTime "13:06:40 PDT"]
[Termination "x-3738459472 won by resignation"]

1. e4 c5 2. Nc3 Nc6 3. g3 g6 4. Bg2 Bg7 5. d3 d6 6. f4 e6 7.
Nf3 Nge7 8. O-O O-O 9. Be3 b6 10.
Qd2 d5 11. Bf2 Ba6 12. Rfd1 Rc8 13. e5 Nf5 14. g4 Nfd4 15. Nxd4 Nxd4 16. Ne2 Nxe2+ 17.
Qxe2 f6 18. exf6 Qxf6 19. c3 Rce8 20. Bg3 b5 21. Rf1 b4 22. f5 exf5 23. Bxd5+ Kh8 24. Qc2 bxc3 25. bxc3 Qxc3 26. Qxc3 Bxc3 27. Rac1 Bd4+ 28.
Bf2 Bxd3 29. Bxd4+ cxd4 30. Rc7 Bxf1 31. Kxf1 fxg4+ 32. Kg2 d3 33. Rxa7 d2 34. Bb3 Re2+ 35. Kg3 Re3+ 0-1

[Event "*** Titled Tuesday Blitz"]
[Site "Chess.com"]
[Date "2018.10.02"]
[Round "1"]
[White "StoreySniper"]
[Black "BocharovD"]
[Result "0-1"]
[WhiteElo "2429"]
[BlackElo "2793"]
[TimeControl "180+2"]
[EndTime "13:06:49 PDT"]
[Termination "BocharovD won by resignation"]

1. c4 c5 2. g3 g6 3. Bg2 Bg7 4.
Nc3 Nc6 5. h4 h6 6. d3 d6 7. Bd2 e5 8. a3 Nge7 9. Rb1 a5 10. Nd5 Nxd5 11. cxd5 Ne7 12. e4 O-O 13. h5 g5 14. g4 a4 15. f3 Bd7 16. Ne2 b5 17.
Ng3 Qb6 18. Be3 Qa6 19. O-O Rab8 20. b3 axb3 21. Qxb3 Rfc8 22. Rfc1 Ra8 23. Ra1 Rcb8 24. Bf1 Nc8 25. Nf5 Bxf5 26. exf5 Nb6 27. Rcb1 e4 28. dxe4 Bxa1 29. Rxa1 Nc4 30. Bxc4 bxc4 31. Qc3 Rb3 32. Qf6 Rxe3 33. Qxh6 Rxa3 34. Qxg5+ Kf8 35. Rf1 Ra1 36. Qh6+ Ke8 37. Qh8+ Kd7 38. Qh7 Rxf1+ 39. Kxf1 Qa1+ 40. Kg2 Ra2+ 41. Kg3 Qe5+ 42. f4 Qf6 43. g5 Qc3+ 0-1

[Event "*** Titled Tuesday Blitz"]
[Site "Chess.com"]
[Date "2018.10.02"]
[Round "1"]
[White "HouseOfDurin"]
[Black "fancyknightmaneuvers"]
[Result "0-1"]
[WhiteElo "1791"]
[BlackElo "2491"]
[TimeControl "180+2"]
[EndTime "13:06:50 PDT"]
[Termination "fancyknightmaneuvers won by resignation"]

1. d4 d5 2. Bg5 c5 3. c3 Nc6 4. Nf3 f6 5. Bh4 cxd4 6. Nxd4 e5 7. Nxc6 bxc6 8. f3 Bc5 9. e4 Ne7 10. b4 Bb6 11. b5 Bb7 12. bxc6 Bxc6 13. exd5 Nxd5 14.
c4 Ne3 15. Qb3 Bd4 16. Nc3 Rb8 17. Nb5 Bxb5 18. cxb5 Qa5+ 19. Kf2 Qd2+ 20. Be2 Nf5+ 21. Kf1 Bxa1 22. Qe6+ Ne7 23. Be1 Qd5 24. Qg4 Bd4 25. Qxg7 Rf8 26. Bh4 Qxa2 27. Bxf6 Qb1+ 0-1

[Event "*** Titled Tuesday Blitz"]
[Site "Chess.com"]
[Date "2018.10.02"]
[Round "1"]
[White "DanielNaroditsky"]
[Black "Rodalquilar"]
[Result "1-0"]
[WhiteElo "2978"]
[BlackElo "2475"]
[TimeControl "180+2"]
[EndTime "13:06:53 PDT"]
[Termination "DanielNaroditsky won by checkmate"]

1. d4 d5 2. c4 dxc4 3. e4 e5 4. Nf3 exd4 5. Bxc4 Nc6 6. O-O Be6 7. Bb5 Bc5 8. b4 Bb6 9. Bb2 Bg4 10. Nbd2 Ne7 11. h3 Bh5 12. g4 Bg6 13. a3 O-O 14. Bd3 Qd6 15. Nc4 Qe6 16. Ng5 Qd7 17. f4 f6 18.
Nf3 Bf7 19. Rc1 h5 20. f5 hxg4 21. hxg4 Rad8 22. Kg2 a6 23. Rh1 Ba7 24. g5 fxg5 25.
Nxg5 Nxf5 26. exf5 Bd5+ 27. Kg3 Rxf5 28. Rh8+ Kxh8 29.
Qh5+ Kg8 30. Qh7+ Kf8 31. Bxf5 Qe7 32. Qh8+ Bg8 33. Ne6+ Kf7 34. Qxg7+ Ke8 35. Qxg8+ Kd7 36. Nc5# 1-0

[Event "*** Titled Tuesday Blitz"]
[Site "Chess.com"]
[Date "2018.10.02"]
[Round "1"]
[White "FMJoseHerrera"]
[Black "FearNoEvil12"]
[Result "0-1"]
[WhiteElo "2501"]
[BlackElo "2004"]
[TimeControl "180+2"]
[EndTime "13:06:54 PDT"]
[Termination "FearNoEvil12 won by resignation"]

1. Nf3 b5 2. g3 Bb7 3. Bg2 a6 4. O-O Nf6 5. d3 e6 6. a4 d6 7. axb5 axb5 8. Rxa8 Bxa8 9. Na3 b4 10.
Nc4 Nbd7 11. e4 Be7 12. Bd2 c5 13. Qe2 Qc7 14. Ra1 O-O 15. e5 dxe5 16. Nfxe5 Bxg2 17. Kxg2 Nxe5 18. Qxe5 Qc6+ 19. f3 Nd5 20. Ra7 Bf6 21.
Qe4 h6 22. Ne5 Qb6 23. Ra1 Rd8 24. Re1 Ne7 25. b3 Nf5 26. Ng4 Be7 27. Be3 Nxe3+ 28. Nxe3 Bf6 29. Nc4 Qa7 30. h4 Qa2 31. Re2 Qa1 32. Qe3 Qd4 33. Qxd4 Bxd4 34. Nd2 Ra8 35. Ne4 Ra1 36. g4 Rg1+ 37. Kh2 f5 38. Ng3 fxg4 39.
fxg4 Kf7 40. Ne4 Rxg4 41. Kh3 Rg1 42. Nd6+ Kf6 43. Nb5 Be5 44. Rf2+ Ke7 45. Re2 Rg3+ 46. Kh2 Re3+ 0-1

[Event "*** Titled Tuesday Blitz"]
[Site "Chess.com"]
[Date "2018.10.02"]
[Round "1"]
[White "jncool68"]
[Black "RichardABates"]
[Result "1-0"]
[WhiteElo "2672"]
[BlackElo "2348"]
[TimeControl "180+2"]
[EndTime "13:07:07 PDT"]
[Termination "jncool68 won by resignation"]

1. e4 c5 2. Nf3 d6 3. d4 cxd4 4. Nxd4 Nf6 5. Nc3 a6 6. h3 e5 7. Nde2 h5 8. Ng1 Nbd7 9. Nf3 Nc5 10. Ng5 Ne6 11. Bc4 b5 12. Bb3 Be7 13. O-O b4 14. Nd5 Nxd5 15. Bxd5 Nxg5 16. Bxg5 Rb8 17. Be3 Be6 18. a3 bxa3 19. Rxa3 Bxd5 20. Qxd5 O-O 21. b3 Qc7 22. c4 Qb7 23. Rb1 Qxd5 24. cxd5 Ra8 25. b4 Rfb8 26. Kf1 g6 27. Ke2 f5 28. f3 Kf7 29. Bd2 Ke8 30. Rba1 Rb6 31. Ra5 Kd7 32. b5 Bd8 33. Rxa6 Rab8 34. Rxb6 Bxb6 35. Kd3 Bd4 36. Bc3 Bxc3 37. Kxc3 Rxb5 38. Ra7+ Ke8 39. Rg7 Rc5+ 40. Kd3 fxe4+ 41. fxe4 Rc1 42. Rxg6 Rd1+ 43.
Ke2 Rd4 44. Ke3 Ra4 45. Rxd6 Ra3+ 46. Kf2 h4 47. Re6+ Kd7 48. Rxe5 1-0

[Event "*** Titled Tuesday Blitz"]
[Site "Chess.com"]
[Date "2018.10.02"]
[Round "1"]
[White "tigra"]
[Black "hypert"]
[Result "1-0"]
[WhiteElo "2668"]
[BlackElo "2344"]
[TimeControl "180+2"]
[EndTime "13:07:08 PDT"]
[Termination "tigra won by resignation"]

1. e4 e5 2. f4 exf4 3. Bc4 Ne7 4. Nf3 d5 5. exd5 Nxd5 6. O-O Be6 7. Re1 Be7 8. d3 O-O 9. Bxd5 Bxd5 10. Nc3 Bc5+ 11. Kh1 Be6 12. Bxf4 Nc6 13. Ng5 Bf5 14. Qh5 Bg6 15.
Qh3 Nd4 16. Rac1 Qc8 17. Qg3 Nf5 18. Qf3 c6 19. Nce4 Be7 20. c3 Qd7 21. d4 b6 22. Qh3 Rad8 23. Nf3 Nd6 24. Qxd7 Rxd7 25. Ne5 Nxe4 26. Nxd7 Rc8 27. Kg1 f5 28. Ne5 Be8 29. Nf3 c5 30. h3 Bf7 31. Nd2 Bd5 32. c4 Nxd2 33. Rxe7 Nxc4 34. b3 Na5 35. Be5 Bf7 36. dxc5 Nc6 37. cxb6 axb6 38. Rb7 Be6 39. Rxb6 Nxe5 40.
Rxc8+ Bxc8 41. Rb8 1-0

[Event "*** Titled Tuesday Blitz"]
[Site "Chess.com"]
[Date "2018.10.02"]
[Round "1"]
[White "b_6"]
[Black "GrigorGrigorov"]
[Result "0-1"]
[WhiteElo "2388"]
[BlackElo "2715"]
[TimeControl "180+2"]
[EndTime "13:07:15 PDT"]
[Termination "GrigorGrigorov won by resignation"]

1. d4 Nf6 2. Bf4 d5 3. e3 e6 4.
Nd2 Bd6 5. Bg3 O-O 6. Bd3 c5 7. c3 b6 8. e4 Be7 9. e5 Nfd7 10.
Qe2 a5 11. f4 Ba6 12. Bxa6 Nxa6 13. Ngf3 Nc7 14. O-O c4 15. Qf2 b5 16. Bh4 b4 17. g4 f5 18. exf6 Bxf6 19. Bxf6 Qxf6 20.
Ne5 Nxe5 21. dxe5 Qg6 22. Kh1 Qxg4 23. Rg1 Qxf4 24. Qb6 Qxd2 25. Qxc7 Rf7 26. Qc6 Raf8 27. Qxe6 Kh8 28. Rg2 Qd3 29. Rag1 Qe4 30. Qb6 Rf2 31. e6 Rxg2 32. e7 Rg3+ 0-1

[Event "*** Titled Tuesday Blitz"]
[Site "Chess.com"]
[Date "2018.10.02"]
[Round "1"]
[White "Kawhi_Leonard2"]
[Black "Federtiu"]
[Result "0-1"]
[WhiteElo "2278"]
[BlackElo "2604"]
[TimeControl "180+2"]
[EndTime "13:07:16 PDT"]
[Termination "Federtiu won by resignation"]

1. e4 g6 2. d4 Bg7 3. Nc3 d6 4. Nf3 a6 5. a4 b6 6. Bd3 e6 7.
O-O Ne7 8. Re1 Nd7 9. Be3 Bb7 10. Qd2 h6 11. h3 g5 12. Nh2 Ng6 13. g3 O-O 14. Ne2 f5 15. exf5 exf5 16. f4 gxf4 17. Nxf4 Nxf4 18. gxf4 Qh4 19. Qf2 Qxh3 20. Bf1 Qh5 21.
Bg2 Bxg2 22. Qxg2 Kh8 23. Kh1 Rg8 24. Rg1 Nf6 25. Qg6 Qxg6 26. Rxg6 Nd5 27. Bd2 Kh7 28. Rg3 Rae8 29. c4 Nf6 30. Rg2 Ne4 31. Be3 Bf6 32. Nf1 Rg4 33. Rxg4 fxg4 34. Kg2 h5 35.
Nh2 Kg6 36. f5+ Kxf5 37. Rf1+ Kg6 38. c5 dxc5 39. dxc5 Nxc5 40. Bxc5 bxc5 41. Rc1 Re2+ 42. Kh1 Bd4 43. b4 g3 44. Nf3 g2+ 0-1

[Event "*** Titled Tuesday Blitz"]
[Site "Chess.com"]
[Date "2018.10.02"]
[Round "1"]
[White "Fedor_Dvenyatin"]
[Black "chenrip"]
[Result "1-0"]
[WhiteElo "2728"]
[BlackElo "2407"]
[TimeControl "180+2"]
[EndTime "13:07:21 PDT"]
[Termination "Fedor_Dvenyatin won by resignation"]

1. d4 d5 2. Nf3 Nf6 3. c4 c6 4. e3 a6 5. Nbd2 g6 6. Bd3 Bg7 7. O-O O-O 8. b3 b5 9. Bb2 Bg4 10. h3 Bxf3 11. Nxf3 Nbd7 12. a4 bxc4 13. bxc4 c5 14.
Qe2 cxd4 15. Bxd4 dxc4 16. Bxc4 Nb6 17. Bxa6 Nbd5 18. Rfd1 Qa5 19. Bb7 Rab8 20. Bc6 Rfc8 21. Bb5 Nc3 22. Bxc3 Rxc3 23. Nd4 Ra8 24. Qe1 Qc7 25. Rac1 Nd5 26. Nc6 e6 27. e4 Rxc1 28. Rxc1 Nb6 29. Qb4 Kh8 30. a5 Nd7 31. Rd1 Ne5 32.
Nxe5 Bxe5 33. a6 Qc2 34. Qd2 Qxe4 35. Re1 Qf5 36. Qd3 Qf4 37. g3 Qd4 38. Qf3 Qd5 39. Qxd5 exd5 40. Rxe5 1-0